Cogmind - Beta 15 @@@ ROGUE MODE // 2025.10.01 @ 00:39:13 Player: Runagate Result: Destroyed by as-90614 with Assembled Heavy Rifle Performance ------------- Evolutions (0) 0 Regions Visited (2) 400 Robots Destroyed (25) 125 Value Destroyed (524) 524 Prototype IDs (1) 20 Alien Tech Used (0) 0 Bonus (-81) -81 TOTAL SCORE: 988 Bonus ------- Friendly Fire -81 Cogmind --------- Core Integrity 0/250 Matter 254/300 Energy 250/250 System Corruption 4% Temperature Cool (0) Movement Core (350) Ox6 Location -10/Mines Parts ------- > --- POWER (1) -------- Ion Engine > --- PROPULSION (2) --- Improved Aluminum Leg > --- UTILITY (2) ------ Improved Heat Sink Medium Storage Unit > --- WEAPON (2) ------- Improved Assault Rifle > --- INVENTORY (10) --- Ion Engine Improved Aluminum Leg Heat Sink Small Storage Unit High-capacity Matter Pod (170) Improved Targeting Computer Medium Laser Beam Cannon Improved Assault Rifle Improved Assault Rifle Peak State ------------ > --- POWER ------------ Ion Engine > --- PROPULSION ------- Improved Aluminum Leg Improved Aluminum Leg > --- UTILITY ---------- Improved Heat Sink Medium Storage Unit > --- WEAPON ----------- Beam Cannon Improved Assault Rifle > --- INVENTORY -------- Ion Engine Ion Engine Improved Aluminum Leg Heat Sink Small Storage Unit High-capacity Matter Pod Improved Targeting Computer Light Assault Rifle Light Assault Rifle Grenade Launcher [Rating: 14] Favorites ----------- Power Ion Engine Engine Ion Engine Propulsion Light Treads Treads Light Treads Leg Improved Aluminum Leg Utility Small Storage Unit Device Seismic Detector Storage Small Storage Unit Weapon Assault Rifle Energy Gun Medium Laser Energy Cannon Beam Cannon Ballistic Gun Assault Rifle Launcher Grenade Launcher Build | -11 -10 -10 ------- Run | Yrd Mat Min Slots Evolved . | . . . Power . | . . . Propulsion . | . . . Utility . | . . . Weapon . | . . . Parts Attached 26 | 8 17 1 Power 5 | 1 4 . Engine 5 | 1 4 . Core . | . . . Reactor . | . . . Propulsion 4 | 2 2 . Treads 2 | 2 . . Leg 2 | . 2 . Wheel . | . . . Hover . | . . . Flight . | . . . Utility 6 | 3 3 . Device 4 | 2 2 . Storage 2 | 1 1 . Processor . | . . . Hackware . | . . . Protection . | . . . Artifact . | . . . Weapon 11 | 2 8 1 Energy Gun 2 | . 2 . Energy Cannon 1 | . 1 . Ballistic Gun 7 | 2 5 . Ballistic Cannon . | . . . Launcher 1 | . . 1 Special Weapon . | . . . Impact Weapon . | . . . Slashing Weapon . | . . . Piercing Weapon . | . . . Special Melee Weapon . | . . . Unidentified Prototypes 1 | . 1 . Parts Lost 4 | . 2 2 Power 1 | . 1 . Propulsion 1 | . . 1 Utility 1 | . 1 . Weapon 1 | . . 1 Highest Loss Streak 2 | . 1 2 To Critical Strikes 1 | . . 1 Average Backups 6 | 1 7 10 Power 1 | . 1 1 Propulsion . | . . 1 Utility 2 | . 2 4 Weapon 2 | . 2 4 Tool/Special . | . . . Unused Backups 9 | . 3 6 Power 1 | . 1 . Propulsion 1 | . . 1 Utility 5 | . 2 3 Weapon 2 | . . 2 Tool/Special . | . . . Average Slot Usage (%) 98 | . 98 92 Engine 13 | . 13 14 Treads 21 | . 21 . Leg 6 | . 6 28 Device 12 | . 12 14 Storage 15 | . 15 14 Energy Gun 6 | . 6 . Energy Cannon 1 | . 1 7 Ballistic Gun 20 | . 20 14 Peak Build Rating 14 | 7 14 14 Average Rating 8 | 5 8 13 On Entrance 7 | . 7 14 Naked Turns . | . . . Heaviest Build 24 | 15 24 22 Greatest Support 40 | 40 40 26 Greatest Overweight (x) 1 | 1 1 . Average Overweight (x) . | . . . Largest Inventory Capacity 10 | 8 10 10 Average Capacity 8 | 7 8 10 Most Carried 10 | 3 10 10 Average Carried 6 | 1 7 10 Final Capacity 10 | 8 10 10 Final Carried 10 | 2 10 10 Class Distribution -------------------- 84% | Mutant 15% | Scavenger-Mutant Dominant Class ---------------- Mutant | -10/Materials Mutant | -10/Mines Resources | -11 -10 -10 ----------- Run | Yrd Mat Min Matter Collected 918 | 331 587 . Remotely . | . . . Salvage Created 863 | 124 705 34 Parts 47 | 9 38 . Haulers Intercepted 1 | . 1 . Recyclers Shooed 4 | 1 3 . Parts Field Recycled . | . . . Retrieved Matter . | . . . Parts Self-Destructed . | . . . Prevented . | . . . Kills | -11 -10 -10 ------- Run | Yrd Mat Min Combat Hostiles Destroyed 21 | . 15 6 Guns 17 | . 15 2 AOE 4 | . . 4 Classes Destroyed 8 | 3 4 1 Worker 2 | 1 1 . Builder 2 | . 2 . Tunneler 3 | 3 . . Hauler 1 | . 1 . Recycler 2 | 1 1 . Swarmer 3 | . 3 . Grunt 12 | . 12 . Assembled 6 | . . 6 Best Kill Streak 6 | 3 4 6 Combat Bots Only 6 | . 3 6 Max Kills in Single Turn 4 | 1 2 4 Gunslinging . | . . . Exploded 3 | . . 3 Melee . | . . . Uniques/NPCs Destroyed . | . . . Combat | -11 -10 -10 -------- Run | Yrd Mat Min Hostile Shots Fired 111 | . 78 33 Missed 27 | . 15 12 Hits 84 | . 63 21 Melee 4 | . . 4 Projectile 80 | . 63 17 Critical Strikes 3 | . 1 2 Part Disruptions 3 | . . 3 Damage Taken 1197 | . 753 444 Core 251 | . 103 148 Absorbed by Shields . | . . . Regen/Repaired (Parts) 75 | . 75 . Core Remaining (%) 100 | 100 . . Volleys Fired 78 | 13 61 4 Largest 2 | 2 2 2 Hottest 110 | 40 110 53 Shots Fired 154 | 26 122 6 Gun 150 | 26 120 4 Cannon 2 | . 2 . Launcher 2 | . . 2 Special . | . . . Kinetic 115 | 26 85 4 Thermal 37 | . 37 . Explosive 2 | . . 2 Electromagnetic . | . . . Robot Hit Streak 15 | 4 15 2 Robot Miss Streak 3 | 1 3 1 Penetration Max . | . . . Secondary Targets 2 | . 2 . Max Gunslinging Chain 1 | . 1 . Shots Hit Robots 106 | 17 86 3 Core Hits 64 | 6 39 19 Critical Kills . | . . . Critical Parts Destroyed . | . . . Critical Strikes 4 | . 4 . Burn 4 | . 4 . Melee Attacks . | . . . Impact . | . . . Slashing . | . . . Piercing . | . . . Sneak Attacks . | . . . Combat Hostiles . | . . . Follow-up Attacks . | . . . Damage Inflicted 1868 | 211 1066 591 Guns 1323 | 211 1062 50 Cannons . | . . . Explosions 541 | . . 541 Melee . | . . . Ramming 4 | . 4 . Kinetic 949 | 211 688 50 Thermal 374 | . 374 . Explosive 541 | . . 541 Electromagnetic . | . . . Impact . | . . . Slashing . | . . . Piercing . | . . . Highest Corruption 4 | . 4 4 Average Corruption 4 | . 4 4 Corruption Purged . | . . . Corruption Blocked . | . . . Effects 2 | . 2 . Message Errors 2 | . 2 . Overload Shots . | . . . Overflow Damage 66 | . . 66 Projectiles . | . . . Explosions 66 | . . 66 Melee . | . . . Knockbacks . | . . . Impact . | . . . Kinetic . | . . . Secondary . | . . . Self-Inflicted Damage 72 | . . 72 Shots 2 | . . 2 Rammed 2 | . 2 . Targets Rammed 2 | . 2 . Kicked . | . . . Crushed . | . . . Highest Temperature 154 | . 154 27 Average Temperature 40 | . 40 16 Received Heat Transfer 509 | . 420 89 Siege Activations . | . . . Martial Activations . | . . . Shielding Activations . | . . . Robots Disrupted . | . . . Combat Hostiles . | . . . Robots Corrupted . | . . . Combat Hostiles . | . . . Parts Fried . | . . . Impact Corruptions . | . . . Robots Melted . | . . . Combat Hostiles . | . . . Parts Melted 3 | . 3 . Heat Transferred 1406 | . 1406 . Parts Sabotaged . | . . . Parts Stolen . | . . . Parts Stripped . | . . . Power Chain Reactions . | . . . Alert | -11 -10 -10 ------- Run | Yrd Mat Min Maximum Alert Level . | . . . Low Security (%) 100 | 100 100 100 Level 1 . | . . . Level 2 . | . . . Level 3 . | . . . Level 4 . | . . . Level 5 . | . . . High Security . | . . . Max Security . | . . . Peak Influence 111 | 10 111 10 Initial 4 | . . 4 Average 35 | 1 40 3 Influence Increases 480 | 25 447 8 Destroy 0b10 Robot/C 300 | . 300 . Destroy 0b10 Robot/NC 50 | 25 25 . Destroy Leader 62 | . 62 . Successful Hack 15 | . 15 . Destroy Structure 8 | . . 8 Lose Combat Pursuer 45 | . 45 . Influence Decreases 480 | 25 435 20 Entered New Map 8 | . . 8 Time Decay 440 | 25 415 . Lost Part 32 | . 20 12 Squads Dispatched 4 | . 4 . Investigation 1 | . 1 . Extermination . | . . . Reinforcement 3 | . 3 . Assault . | . . . Garrison . | . . . Intercept . | . . . Searches Triggered . | . . . Construction Impeded . | . . . Haulers Reinforced . | . . . Active Scanning Responses . | . . . Cargo Convoy Interrupts . | . . . Stealth | -11 -10 -10 --------- Run | Yrd Mat Min Distress Signals 3 | . 3 . Communications Jammed . | . . . Distress Signals . | . . . Times Spotted 51 | . 31 20 Peak Tracking Total 20 | . 4 20 Tactical Retreats 2 | . 2 . Traps | -11 -10 -10 ------- Run | Yrd Mat Min Traps Triggered 1 | . 1 . Indirectly . | . . . Trap Hack Attempts . | . . . Triggered . | . . . Disarmed . | . . . Reprogrammed . | . . . Reused . | . . . Traps Extracted . | . . . Installed . | . . . Triggered . | . . . Machines | -11 -10 -10 ---------- Run | Yrd Mat Min Machines Disabled . | . . . Max in Single Turn . | . . . Machines Repaired . | . . . Machines Dismantled . | . . . Machines Sabotaged . | . . . Overloaded Fab Kills . | . . . Hacking | -11 -10 -10 --------- Run | Yrd Mat Min Machines Accessed 4 | . 4 . Terminals 3 | . 3 . Fabricators . | . . . Repair Stations 1 | . 1 . Recycling Units . | . . . Scanalyzers . | . . . Garrison Access . | . . . Total Hacks 16 | . 16 . Successful 8 | . 8 . Failed 8 | . 8 . Catastrophic 1 | . 1 . Database Lockouts . | . . . Manual 9 | . 9 . Terminals 10 | . 10 . Fabricators . | . . . Repair Stations 6 | . 6 . Recycling Units . | . . . Scanalyzers . | . . . Garrison Access . | . . . Terminal Hacks 1 | . 1 . Zone Layout 1 | . 1 . Fabricator Hacks . | . . . Repair Station Hacks 5 | . 5 . Scan Component 3 | . 3 . Repair 2 | . 2 . Recycling Unit Hacks . | . . . Scanalyzer . | . . . Garrison Access Hacks . | . . . Unauthorized Hacks 2 | . 2 . Terminals 2 | . 2 . Botnet 2 | . 2 . Fabricators . | . . . Repair Stations . | . . . Recycling Units . | . . . Scanalyzers . | . . . Garrison Access . | . . . Data Cores Recovered . | . . . Used . | . . . Hacking Detections 4 | . 4 . Full Trace Events . | . . . Feedback Events . | . . . Feedback Blocked . | . . . Robot Schematics Acquired . | . . . Robots Built . | . . . Authchips . | . . . Time . | . . . Total Robot Build Rating . | . . . Part Schematics Acquired . | . . . Parts Built . | . . . Authchips . | . . . Time . | . . . Total Part Build Rating . | . . . Parts Repaired 2 | . 2 . Time 52 | . 52 . Parts Recycled . | . . . Recycled Matter . | . . . Retrieved Matter . | . . . Retrieved Components . | . . . Parts Scanalyzed . | . . . Part Schematics Acquired . | . . . Parts Damaged . | . . . Bothacking | -11 -10 -10 ------------ Run | Yrd Mat Min Used RIF Installer . | . . . Robots Hacked . | . . . Non-combat . | . . . Combat . | . . . Robot Hacks Applied . | . . . Relay Couplers Released . | . . . Fabnet Peak Effective % . | . . . Robots Rewired . | . . . Allies Hacked . | . . . Hacks Repelled . | . . . Allies | -11 -10 -10 -------- Run | Yrd Mat Min Total Allies . | . . . Largest Group . | . . . Highest-Rated Group . | . . . Highest-Rated Ally . | . . . Total Orders . | . . . Ally Attacks . | . . . Total Damage . | . . . Kills . | . . . Allies Corrupted . | . . . Allies Melted . | . . . Intel | -11 -10 -10 ------- Run | Yrd Mat Min Active Infowar (turns) 818 | 82 736 . Seismic 818 | 82 736 . Robot Analysis Total . | . . . Derelict Logs Recovered . | . . . Drone Launches . | . . . Drone Recoveries . | . . . Exploration | -11 -10 -10 ------------- Run | Yrd Mat Min Turns Passed 1474 | 176 1284 14 Spaces Moved 717 | 79 637 1 Core 9 | 9 . . Treads 507 | 70 437 . Legs 201 | . 200 1 Wheels . | . . . Hover . | . . . Flight . | . . . Fastest Speed 50 | 50 120 120 Average Speed 147 | 150 147 120 Slowest Speed 190 | 160 190 120 Overloaded Moves . | . . . Propulsion Burnouts . | . . . Robots Hopped . | . . . Potential Cave-ins . | . . . Cave-ins Triggered . | . . . Exploration Rate (%) 35 | 6 95 4 Regions Visited 2 Branch Regions 1 Pre-discovered Areas . | . . . Known Exits Taken . | . . . Unknown Exits Taken 2 | 1 1 . Scrap Searched . | . . . Spaces Dug . | . . . Terrain Destroyed 9 | . . 9 Melee . | . . . Projectile . | . . . AOE 9 | . . 9 Terrain Rammed . | . . . Walls Destroyed . | . . . Machines Disabled . | . . . Actions | -11 -10 -10 --------- Run | Yrd Mat Min Total 979 | 107 864 8 Wait 123 | 5 118 . Move 715 | 78 636 1 Hop . | . . . Pick Up 17 | 2 14 1 Fast Attach 10 | 7 3 . Attach 1 | . 1 . Detach . | . . . Swap 19 | 1 17 1 Drop 14 | 1 12 1 Fire 78 | 13 61 4 Melee . | . . . Ram . | . . . Kick . | . . . Crush 2 | . 2 . Escape Stasis . | . . . Rewire . | . . . Trap . | . . . Miscellaneous . | . . . Route ------- -11/Scrapyard -10/Materials (discovered 5 exits: [*Mat x3] / [*Min x2]) -10/Mines History --------- Turn | Location | Event 5 | -11/Scrapyard | Discovered new exit (range 15) 177 | -11/Scrapyard | Entered Materials 311 | -10/Materials | Build established: Mutant 504 | -10/Materials | Discovered new exit (range 16) 612 | -10/Materials | Repaired Lgt. Treads 640 | -10/Materials | Repaired Lgt. Treads 786 | -10/Materials | Discovered new exit (range 13) 850 | -10/Materials | Discovered new exit (range 10) 1168 | -10/Materials | Discovered new exit (range 5) 1233 | -10/Materials | Discovered new exit (range 9) 1461 | -10/Materials | Entered Mines 1462 | -10/Mines | Assembled infested the area 1467 | -10/Mines | Assisted by a Guerilla fighting off Assembled 1468 | -10/Mines | Received a Rocket Launcher from a helpful Derelict 1470 | -10/Mines | Core integrity fell below 50% 1474 | -10/Mines | Core integrity fell below 20% 1475 | -10/Mines | Destroyed by as-90614 with Assembled Heavy Rifle Last Messages --------------- 01468_ PG-AKU(g): "Would you like a rocket launcher? I know I would if I were you, so I'm going to lend you mine." 01468_ PG-AKU(g) slips back into the shadows. 01469_ as-51985 destroyed. 01469_ as-60449 destroyed. 01469_ Grenade Launcher destroyed. 01469_ Destroyed Grenade Launcher. 01469_ Destroyed Asb. Hover Unit. 01469_ as-52065 destroyed. 01469_ as-71384 destroyed. 01470_ HV Slug penetrates as-51524. 01470_ as-51524 knocked back. 01471_ as-94914 destroyed. 01471_ Knocked back. 01471_ Critical hit (Destroy). 01471_ Imp. Aluminum Leg destroyed. 01472_ as-29857 destroyed. 01472_ as-51524 suffers critical hit (Destroy). 01472_ as-51524 destroyed. Map ----- +----------------------------------------------------+ | ??????????????????????????????? | | ??????????????????????????????? | | ??????????????????????????????? | | ??????????????????????????????? | | ??????????????????????????????? | | ??????????????????????????????? | | ??????????????????????????????? | | ??????????????????????????????? | | ??????????????????????????????? | | ??????????????????????????????? | | ??????????????????????????????? | | ??????????????????????????????? | | ??????????????????????????????? | | ??????????????????????????????? | | ??????????????????????????????? | | ???????????????????###????????? | | ????????????????#### #???????? | | ????????????????? % #?####?? | | ??????????????????# a? #?? | | ???????????????????# % %## #?? | | ????????????##??????# a % #?? | | ??????????? ????# a ##? | | ???????????? ####a % #? | | ????????????????# $ aa a% #? | | ????????????????# aa #? | | ?????????????????##### @] #? | | ?????????????????????# #h #? | | ?????????????????????#?## ###? | | ????????????????????????####??? | | ??????????????????????????????? | | ??????????????????????????????? | | ??????????????????????????????? | | ??????????????????????????????? | | ??????????????????????????????? | | ??????????????????????????????? | | ??????????????????????????????? | | ??????????????????????????????? | | ??????????????????????????????? | | ??????????????????????????????? | | ??????????????????????????????? | | ??????????????????????????????? | | ??????????????????????????????? | | ??????????????????????????????? | | ??????????????????????????????? | | ??????????????????????????????? | | ??????????????????????????????? | | ??????????????????????????????? | | ??????????????????????????????? | | ??????????????????????????????? | | ??????????????????????????????? | +----------------------------------------------------+ Best States ------------- Heat Dissipation 39 Energy Generation 10 Energy Capacity 250 Matter Stores 300 Matter Capacity 300 Sight Range 16 Terrain Scan Density 10 Evasion (%) 55 Recoil Reduction 2 Item Schematics ----------------- None Robot Schematics ------------------ None Fabricated ------------ Nothing Repaired ---------- Lgt. Treads | 72% | -10/Materials Lgt. Treads | 73% | -10/Materials Alien Tech Used ----------------- None Achievements -------------- None Challenges ------------ None Game ------ Seed LargeLinkedWings Manual? 0 Play Time 00:09:53 Cumulative 119.1 hours Start 2025.10.01 @ 00:28:32 End 2025.10.01 @ 00:39:13 Sessions 1 Manual Loads 0 Difficulty Rogue Special Mode None Game No. 230 Rogue 228 Adventurer 0 Explorer 2 Win Type - Total 1 Types 1/0/0/0/0/0/0/0/0/0 Lore% 42 Gallery% 50 Achievement% 44 Wizard Run 0 Options --------- Layout 2 ASCII 0 Keyboard 1 Movement Arrows Keybinds 0 Fullscreen 1 Font 28/SmallcapsGlow Map View 25x24 Zoom Use 0% Tactical HUD 1 Map Filters NONE Filters NONE Steam 1 RUN: 2e168b7b-abaa-4370-a048-86ab777453c7